 Dungeon Crawl Stone Soup version 0.27-a0-25-g087482e4d5 (webtiles) character file.

Game seed: 11946560903341006046

435 DocSulfur the Sneak (level 7, -3/36 HPs)
             Began as a Kobold Enchanter on Jan 2, 2021.
             Slain by an adder (4 damage)
             ... on level 5 of the Dungeon.
             The game lasted 00:10:41 (6188 turns).

DocSulfur the Sneak (Kobold Enchanter)              Turns: 6188, Time: 00:10:42

Health: -3/36      AC:  5    Str:  5    XL:     7   Next: 21%
Magic:  10/12      EV: 15    Int: 17    God:
Gold:   240        SH:  0    Dex: 17    Spells: 4/13 levels left

rFire    . . .     SeeInvis .   a - +1 dagger
rCold    . . .     Faith    .   (shield restricted)
rNeg     . . .     Spirit   .   b - +0 robe
rPois    .         Reflect  .   (no helmet)
rElec    .         Harm     .   p - +1 cloak
rCorr    .         Rampage  .   (no gloves)
Will     .....                  c - +0 pair of boots
Stlth    ++++......             (no amulet)
HPRegen  0.12/turn              (no ring)
MPRegen  0.13/turn              (no ring)

@: no status effects
A: small, nightstalker 3
a: no special abilities


You were on level 5 of the Dungeon.
You visited 1 branch of the dungeon, and saw 5 of its levels.

You collected 240 gold pieces.

Inventory:

Hand Weapons
 a - a +1 dagger (weapon)
Missiles
 h - 4 atropa-tipped darts
 j - 30 poisoned darts (quivered)
Armour
 b - a +0 robe (worn)
 c - a +0 pair of boots (worn)
 p - a +1 cloak (worn)
 q - a +0 buckler
Wands
 s - a wand of digging (3)
 v - a wand of paralysis (6)
Scrolls
 d - 7 scrolls of teleportation
 f - a scroll of enchant weapon {unknown}
 g - a scroll of fear {unknown}
 k - a scroll of immolation {unknown}
 l - 3 scrolls of amnesia {unknown}
 n - 2 scrolls of remove curse
 o - a scroll of enchant armour {unknown}
Potions
 e - 2 potions of lignification {unknown}
 i - a potion of heal wounds {unknown}
 m - a potion of flight {unknown}
 r - a potion of brilliance {unknown}
 t - a potion of mutation {unknown}
 u - a potion of might {unknown}
 w - a potion of attraction {unknown}


   Skills:
 - Level 1.3 Short Blades
 - Level 2.4 Dodging
 + Level 6.0 Stealth
 + Level 3.7 Spellcasting
 + Level 2.8 Conjurations
 + Level 4.3 Hexes
 + Level 2.8 Ice Magic


You had 4 spell levels left.
You knew the following spells:

 Your Spells              Type           Power        Failure   Level
a - Corona                Hex            18%          2%          1
b - Ensorcelled Hibernat  Hex/Ice        30%          5%          2
c - Confusing Touch       Hex            17%          9%          3
d - Tukima's Dance        Hex            17%          9%          3

Your spell library contained the following spells:

 Spells                   Type           Power        Failure   Level
 Dazzling Flash           Conj/Hex       30%          12%         3


Dungeon Overview and Level Annotations

Branches:
Dungeon (5/15)
 Temple: D:4-7

Altars:

Annotations:
D:5 Eustachio


Innate Abilities, Weirdness & Mutations

You are small and have problems with some larger weapons.
You are completely attuned to the shadows.


Message History

The orc misses you.
You hit Eustachio but do no damage.
Eustachio is heavily wounded.
The adder misses you.
Found a mace.
You hit Eustachio but do no damage.
Eustachio is heavily wounded.
The white imp gestures at you. The puff of frost hits you!
* * * LOW HITPOINT WARNING * * *
The orc hits you with a +0 flail.
* * * LOW HITPOINT WARNING * * *
Eustachio barely misses you.
You barely miss Eustachio.
Eustachio is heavily wounded.
The adder closely misses you. The ufetubus barely misses you.
The ufetubus closely misses you. The white imp gestures at you.
The puff of frost misses you. The orc closely misses you. The adder bites you.
You die...

.......# #.......#
#.......# #.......#
.)...####.......####
............##.....
#........#..##.####
#.@5....(#..#......
#.@5.....#..#######
#.So.....#..##### #
#####
#........#..#...# #
#...#
..........#..#...# #
#...#
#............#...###
#...# #.#
#.####.#.....'...'..
#...# #.#
#......##...##.
#...# #.#
###.....#######.
##...# #.#
.......... #.


You could see Eustachio (confused), an adder, a white imp (summoned), an orc and
an ufetubus (summoned).

Vanquished Creatures
  An ice beast (D:5)
  A howler monkey (D:4)
  A bullfrog zombie (D:5)
  Ijyb (D:5)
  2 worker ants (D:4)
  An iguana (D:4)
  3 gnolls (D:4)
  3 adders
  A shadow imp (D:3)
  A white imp (D:5)
  An ooze (D:3)
  4 worms
  2 dart slugs (D:2)
  2 leopard geckos
  9 orcs
  5 bats
  4 giant cockroaches
  6 goblins
  7 hobgoblins
  9 jackals (D:2)
  4 quokkas
  2 ball pythons
  2 frilled lizards
  4 kobolds
  3 rats
79 creatures vanquished.

Notes
Turn   | Place    | Note
-------+----------+-------------------------------------------
     0 | D:1      | DocSulfur the Kobold Enchanter began the quest for the Orb.
     0 | D:1      | Reached XP level 1. HP: 10/10 MP: 3/3
   180 | D:1      | Reached XP level 2. HP: 15/15 MP: 5/5
   183 | D:1      | Learned a level 2 spell: Ensorcelled Hibernation
  1138 | D:2      | Reached XP level 3. HP: 19/19 MP: 6/6
  1201 | D:2      | Reached skill level 1 in Conjurations
  1201 | D:2      | Reached skill level 1 in Ice Magic
  1757 | D:2      | Reached XP level 4. HP: 24/24 MP: 3/7
  2862 | D:2      | Learned a level 3 spell: Confusing Touch
  3019 | D:3      | Reached XP level 5. HP: 5/28 MP: 4/9
  3370 | D:3      | Reached skill level 5 in Stealth
  3566 | D:3      | You fall into a shaft and drop 1 floor!
  4953 | D:4      | Reached XP level 6. HP: 29/32 MP: 10/10
  5383 | D:4      | Learned a level 3 spell: Tukima's Dance
  5740 | D:5      | Entered Level 5 of the Dungeon
  5770 | D:5      | Noticed Ijyb
  5774 | D:5      | Killed Ijyb
  5856 | D:5      | Noticed an ice beast
  5864 | D:5      | Killed an ice beast
  5865 | D:5      | Reached XP level 7. HP: 36/36 MP: 8/12
  6020 | D:5      | Reached skill level 6 in Stealth
  6172 | D:5      | Noticed Eustachio
  6187 | D:5      | HP: 1/36 [orc/+0 flail (6)]
  6188 | D:5      | Slain by an adder

Illustrated notes

Levels and vault maps discovered:
D:1:      dpeg_arrival_boxorama, layout_basic, minmay_worlds_worst_comb
D:2:      layout_loops_corners
D:3:      layout_basic
D:4:      layout_basic, minmay_temple_entry_from_below_b
D:5:      layout_basic, uniq_eustachio, uniq_ijyb

Skill      XL: |  1  2  3  4  5  6  7 |
---------------+----------------------+-----
Conjurations   | 1 2 |  2.8
Ice Magic      | 1 2 |  2.8
Stealth        | 5 6 |  6.0
Spellcasting   | 3 |  3.7
Hexes          | 4 |  4.3
Short Blades   | |  1.3
Dodging        | |  2.4

Action                   |  1- 3 |  4- 6 |  7- 9 || total
-------------------------+-------+-------+-------++-------
Melee: Dagger            |    81 |   121 |    22 ||   224
 Cast: Corona            |    14 |     6 |       ||    20
       Ensorcelled Hiber |     4 |    34 |       ||    38
       Confusing Touch   |       |     3 |     2 ||     5
  Use: Scroll            |     1 |     1 |       ||     2
 Stab: Sleeping          |    18 |    37 |     3 ||    58
       Confused          |       |     3 |     1 ||     4
Armor: Robe              |    12 |    19 |     4 ||    35
Dodge: Dodged            |    68 |    88 |    30 ||   186

Table legend: (Time is in decaauts)
 A = Elapsed time spent in this place.
 B = Non-inter-level travel time spent in this place.
 C = Inter-level travel time spent in this place.
 D = Time resting spent in this place.
 E = Time spent auto-exploring this place.
 F = Levels seen in this place.
 G = Mean time per level.
                   A        B        C        D        E       F      G
               +--------+--------+--------+--------+--------+-----+--------+
         Total |   6174 |   6033 |    141 |    118 |   5129 |   5 | 1234.8 |
       Dungeon |   6174 |   6033 |    141 |    118 |   5129 |   5 | 1234.8 |
               +--------+--------+--------+--------+--------+-----+--------+

Top non-repeatable levels by time:
     D:2: 1934 daAuts
     D:3: 1457 daAuts
     D:4: 1397 daAuts
     D:1: 938 daAuts
     D:5: 446 daAuts
